 Dungeon Crawl Stone Soup version 0.22-a0-281-g2e20325899 (webtiles) character file.

117 NooBeakApe the Grasshopper (level 5, -12/45 HPs)
             Began as a Ghoul Warper on Mar 17, 2018.
             Was a Follower of Dithmenos.
             Mangled by an ogre
             ... wielding a +0 giant club
              (24 damage)
             ... on level 4 of the Dungeon.
             The game lasted 00:08:39 (2469 turns).

NooBeakApe the Grasshopper (Ghoul Warper)           Turns: 2469, Time: 00:08:40

Health: -12/45     AC: 11    Str: 15    XL:     5   Next: 1%
Magic:  8/8        EV: 11    Int:  8    God:    Dithmenos [*.....]
Gold:   125        SH:  0    Dex:  9    Spells: 1/9 levels left

rFire    . . .     SeeInvis .   v - -3 blowgun (curse)
rCold    + . .     Gourm    .   (no shield)
rNeg     + + +     Faith    .   b - +0 ring mail
rPois    ∞         Spirit   .   c - +0 helmet
rElec    .         Reflect  .   s - +1 cloak
rCorr    +         Harm     +   (no gloves)
MR       .....                  j - +2 pair of boots
Stlth    ..........             m - amulet of harm (curse)
HPRegen  0.00/turn              h - ring of resist corrosion
MPRegen  0.11/turn              (no ring)

@: rotting, wreathed by umbra
A: rotting body, claws 1, carnivore, cold resistance 1, negative energy
resistance 3, inhibited regeneration, torment resistance, unbreathing
a: Renounce Religion


You were on level 4 of the Dungeon.
You worshipped Dithmenos.
Dithmenos was aware of your devotion.
You were not hungry.

You visited 1 branch of the dungeon, and saw 4 of its levels.

You collected 125 gold pieces.

Inventory:

Hand Weapons
 a - a +0 falchion
 v - a cursed -3 blowgun (weapon)
Armour
 b - a +0 ring mail (worn)
 c - a +0 helmet (worn)
 j - a +2 pair of boots (worn)
 s - a +1 cloak (worn)
Magical Staves
 d - an uncursed staff of earth {unknown}
 t - an uncursed staff of death
Jewellery
 h - a ring of resist corrosion (left claw)
 m - a cursed amulet of harm (around neck)
 r - an uncursed amulet of magic regeneration
Scrolls
 n - a scroll of fog
 o - a scroll of magic mapping
Potions
 e - a potion of might {unknown}
 g - a potion of flight {unknown}
 i - a potion of agility
 k - 2 potions of cancellation {unknown}
 l - 2 potions of curing
 p - 2 potions of heal wounds {unknown}
 q - a potion of haste {unknown}
Comestibles
 f - 3 rations


   Skills:
 - Level 3.0 Fighting
 + Level 2.5 Long Blades
 + Level 1.0 Throwing
 - Level 1.0 Armour
 - Level 2.0 Dodging
 * Level 2.9 Spellcasting
 + Level 3.1 Translocations


You had one spell level left.
You knew the following spells:

 Your Spells              Type           Power        Failure   Level  Hunger
a - Blink                 Tloc           N/A          26%         2    ###....
b - Shroud of Golubria    Chrm/Tloc      #.........   45%         2    ###....
c - Passage of Golubria   Tloc           N/A          87%         4    #####..


Dungeon Overview and Level Annotations

Branches:
Dungeon (4/15)
 Temple: D:4-7

Altars:
Dithmenos
Vehumet


Innate Abilities, Weirdness & Mutations

Your body is rotting away.
You thrive on raw meat.
You are immune to poison.
You have sharp fingernails.
You are carnivorous and can eat meat at any time.
Your flesh is cold resistant. (rC+)
You are immune to negative energy. (rN+++)
You do not regenerate when monsters are visible.
You are immune to unholy pain and torment.
You can survive without breathing.


Message History

Casting: Blink (safe; 26% risk of failure)
Confirm with . or Enter, or press ? or * to list all spells.
You blink.
You feel a little less agile now. The ogre closely misses you.
The quokka twitches its whiskers.
Found a scroll of noise.
Found a scroll labeled NIOROSA NUEMN.
An iguana comes into view.
The iguana hisses angrily.
Found 7 gold pieces.
Found a stone staircase leading up.
You see here a scroll labeled NIOROSA NUEMN.
Found a ration, 18 sling bullets and 12 gold pieces.
An orc comes into view. It is wielding a short sword.
The orc shouts!
Found a scroll of identify and a leather armour.
Found a stone staircase leading down.
The ogre hits you with a giant club!!
Ouch! That really hurt!
You die...

##.#..#.#.###
#.r#..#.....##
#........#.#..
#.##.#......# ...
#.SZ...# ####
###..#.# #rl# #
#.O#.## ### #.@...#
§.# #.......... #.#
#.%.....#### #S#
.....<..... .Z#
#.o.....$####
.r####### #........#
##.#
.......!....>...?.[.
.... #
.##....####.#....#.##
#..# .# .##....##
#..# #.#


You could see an ogre, an iguana, an adder, an orc, a killer bee zombie and a
quokka.

Vanquished Creatures
  A crimson imp (D:2)
  3 adders
  An ooze (D:1)
  2 worms
  2 dart slugs (D:1)
  An orc (D:4)
  2 giant cockroaches (D:1)
  7 goblins
  2 hobgoblins
  A quokka (D:3)
  2 ball pythons (D:1)
  5 bats
  2 frilled lizards
  9 kobolds
  2 rats
42 creatures vanquished.

Vanquished Creatures (others)
  A dart slug (D:3)
  A hobgoblin (D:3)
  A rat (D:3)
3 creatures vanquished.

Grand Total: 45 creatures vanquished

Notes
Turn   | Place    | Note
-------+----------+-------------------------------------------
     0 | D:1      | NooBeakApe the Ghoul Warper began the quest for the Orb.
     0 | D:1      | Reached XP level 1. HP: 17/17 MP: 2/2
   156 | D:1      | Reached skill level 1 in Throwing
   156 | D:1      | Reached skill level 1 in Armour
   190 | D:1      | Reached XP level 2. HP: 20/25 MP: 3/3
   200 | D:1      | Learned a level 2 spell: Blink
   203 | D:1      | Learned a level 2 spell: Shroud of Golubria
   547 | D:1      | Reached XP level 3. HP: 28/30 MP: 5/5
  1076 | D:2      | Reached XP level 4. HP: 20/37 MP: 6/6
  1664 | D:2      | Learned a level 4 spell: Passage of Golubria
  1788 | D:3      | Found a faded altar of an unknown god.
  1825 | D:3      | Became a worshipper of Dithmenos the Shadowed
  1825 | D:3      | Reached * piety under Dithmenos
  2116 | D:3      | Found a radiant altar of Vehumet.
  2316 | D:4      | Reached XP level 5. HP: 11/44 MP: 8/8
  2430 | D:4      | Noticed an ogre
  2469 | D:4      | Mangled by an ogre

Vault maps used:
D:1:      dpeg_cavernosity
D:3:      fiery_altar_vehumet, chequers_ecumenical_altar_simple_redux
D:4:      temple_pool_b, first_ration, hangedman_abyss_or_decor_lesser_grid

Skill      XL: |  1  2  3  4 |
---------------+-------------+-----
Throwing       | 1 |  1.0
Armour         | 1 |  1.0
Spellcasting   | 2 |  2.9
Long Blades    | 2 |  2.5
Dodging        | 2 |  2.0
Translocations | 3 |  3.1
Fighting       | 3 |  3.0

Action                   |  1- 3 |  4- 6 || total
-------------------------+-------+-------++-------
Melee: Falchion          |   119 |    42 ||   161
       Blowgun           |       |     2 ||     2
 Fire: Blowgun           |       |    46 ||    46
Throw: Stone             |       |     5 ||     5
       Tomahawk          |       |     5 ||     5
 Cast: Shroud of Golubri |     2 |     1 ||     3
       Blink             |       |     6 ||     6
  Use: Scroll            |     6 |     6 ||    12
       Potion            |       |     4 ||     4
  Eat: Chunk             |     4 |     6 ||    10
       Ration            |       |     2 ||     2
Armor: Leather armour    |    59 |     6 ||    65
       Ring mail         |       |    85 ||    85
Dodge: Dodged            |    72 |   186 ||   258
       Rpst.: Falchion   |    24 |    15 ||    39

Table legend:
 A = Spawn XP
 B = Non-spawn XP
 C = Spawn XP percentage of total XP
 D = Spawn monster count
 E = Non-spawn monster count
 F = Spawn count percentage of total count
 G = Total turns spent on level
                    A         B        C        D         E        F      G
               +---------+---------+-------+---------+---------+-------+---------
         Total |       0 |     168 |   0.0 |       0 |      42 |   0.0 |  2469
               +---------+---------+-------+---------+---------+-------+---------
           D:1 |       0 |      38 |   0.0 |       0 |      17 |   0.0 |   721
           D:2 |       0 |      85 |   0.0 |       0 |      12 |   0.0 |  1026
           D:3 |       0 |      29 |   0.0 |       0 |      11 |   0.0 |   518
           D:4 |       0 |      16 |   0.0 |       0 |       2 |   0.0 |   204
               +---------+---------+-------+---------+---------+-------+---------
